 Dungeon Crawl Stone Soup version bcrawl-1.12-10-g10a67aac0f (webtiles) character file.

Game seed: 2088474535407325031

358 Gumption the Sneak (level 6, -1/43 HPs)
             Began as a Dusk Walker Archaeologist on June 13, 2019.
             Slain by Pikel
             ... wielding a +2 whip of electrocution
              (18 damage)
             ... on level 4 of the Dungeon.
             The game lasted 00:17:58 (3256 turns).

Gumption the Sneak (Dusk Walker Archaeologist)      Turns: 3256, Time: 00:17:59

Health: -1/43      AC: 14    Str: 12 (14) XL:     6   Next: 37%
Magic:  6/6        EV:  6    Int: 12 (14) God:
Gold:   215        SH:  0    Dex: 10 (11) Spells: 5/5 levels left

rFire    . . .     SeeInvis .   a - +0 dagger
rCold    . . .     Gourm    .   (no shield)
rNeg     . . .     Faith    .   u - +0 chain mail
rPois    .         Spirit   .   s - +1 hat
rElec    .         Reflect  .   (no cloak)
rCorr    .         Harm     .   d - +1 pair of gloves
MR       .....                  c - +1 pair of boots
Stlth    +++.......             (no amulet)
HPRegen  0.14/turn              (no ring)
MPRegen  0.10/turn              (no ring)

@: studying Polearms
A: draining touch, unencumbered stealth, fangs 2, nightstalker 1
a: no special abilities


You were on level 4 of the Dungeon.
You were not hungry.

You visited 1 branch of the dungeon, and saw 4 of its levels.

You collected 215 gold pieces.

Inventory:

Hand Weapons
 a - a +0 dagger (weapon)
 b - a +0 hunting sling
Missiles
 n - 578 stones
 r - 38 tomahawks (quivered)
Armour
 c - a +1 pair of boots (worn)
 d - a +1 pair of gloves (worn)
 s - a +1 hat (worn)
 u - a +0 chain mail (worn)
Scrolls
 h - a scroll of noise {unknown}
 k - 10 scrolls of teleportation
 m - 5 scrolls of identify {unknown}
 p - 6 scrolls of remove curse {unknown}
 w - a scroll of enchant weapon {unknown}
 x - a scroll of magic mapping {unknown}
Potions
 i - 2 potions of degeneration
 l - a potion of might {unknown}
 q - a potion of haste {unknown}
 t - a potion of mutation {unknown}
 v - 2 potions of brilliance {unknown}
Books
 e - a manual of Polearms
Miscellaneous
 f - an ancient crate
Comestibles
 j - 7 rations {!d}


   Skills:
 + Level 3.9 Fighting
 * Level 3.5 Armour
 - Level 3.0 Dodging
 + Level 7.8 Stealth


You had 5 spell levels left.
You didn't know any spells.
Your spell library contained the following spells:

 Spells                   Type           Power        Failure   Level  Hunger
 Magic Dart               Conj           #...         100%        1    ##.....
 Slow                     Hex            #.......     100%        1    ##.....
 Blink                    Tloc           N/A          100%        2    ###....
 Call Imp                 Summ           #.......     100%        2    ###....
 Conjure Flame            Conj/Fire      #.......     100%        3    ####...
 Mephitic Cloud           Conj/Pois/Air  #.......     100%        3    ####...


Dungeon Overview and Level Annotations

Branches:
Dungeon (4/12)
 Temple: D:4-7

Altars:
Okawaru
Sif Muna
The Shining One

Shops:
D:4 }

Annotations:
D:4 2 transporters, Morbidden's ghost, amateur FrAc; Pikel


Innate Abilities, Weirdness & Mutations

Your attacks drain your enemies.
You move stealthily even while encumbered by armour.
You have extremely sharp teeth.
You are slightly more attuned to the shadows.


Message History

It was a potion of curing.
You feel better. Pikel barely misses you.
You hit Pikel. You drain Pikel.
Pikel is heavily wounded.
Pikel completely misses you.
You hit Pikel but do no damage. You drain Pikel.
You bite Pikel, but do no damage.
Pikel is severely wounded.
Pikel barely misses you.
Your chain mail prevents you from hitting Pikel.
Pikel is severely wounded.
Pikel hits you but does no damage.
You are electrocuted!!
* * * LOW HITPOINT WARNING * * *
You feel better. Pikel completely misses you.
You closely miss Pikel. Your bite misses Pikel.
Pikel is severely wounded.
Pikel hits you but does no damage.
You hit Pikel but do no damage. You bite Pikel, but do no damage.
Pikel is severely wounded.
Pikel hits you but does no damage.
You are electrocuted!!
You die...

###'### #8.≈≈..#
P#P.8 . .##.≈≈..#
.. ©⌠ ..#.≈≈..#
P#P.8 . g##.≈≈.##
###'### # #8.≈≈p#
...........###≈≈p#
.#####.###...#≈≈p#
##.©.###.#.#g#≈≈K#
.........#####≈≈@#
≈≈≈≈≈≈≈≈≈≈≈≈≈≈≈≈.#
≈≈≈≈≈≈≈≈≈≈≈≈≈≈≈≈.#
.................#
###########.######
##.# #..#
##########.##
#..........#


You could see Pikel, 3 slaves and a gnoll.

Vanquished Creatures
  A sky beast (D:4)
  A slave (D:4)
  An ogre (D:4)
  A hound (D:4)
  Jessica (D:3)
  3 adders
  An ooze (D:1)
  3 worms
  2 dart slugs (D:1)
  6 leopard geckos
  11 orcs
  2 giant cockroaches
  7 hobgoblins
  4 jackals (D:3)
  4 kobolds
  A quokka (D:4)
  8 bats
  A frilled lizard (D:3)
  10 goblins
  2 rats
70 creatures vanquished.

Notes
Turn   | Place    | Note
-------+----------+-------------------------------------------
     0 | D:1      | Gumption the Dusk Walker Archaeologist began the quest for
                  | the Orb.
     0 | D:1      | Reached XP level 1. HP: 13/13 MP: 1/1
   133 | D:1      | Reached skill level 5 in Stealth
   197 | D:1      | Reached XP level 2. HP: 18/18 MP: 2/2
   489 | D:1      | Reached XP level 3. HP: 20/24 MP: 3/3
   517 | D:1      | Reached skill level 6 in Stealth
  1251 | D:2      | Found a glowing golden altar of the Shining One.
  1342 | D:2      | Gained mutation: You are slightly more attuned to the
                  | shadows. [Dusk Walker growth]
  1342 | D:2      | Reached XP level 4. HP: 26/30 MP: 4/4
  2132 | D:3      | Noticed Jessica
  2179 | D:3      | Killed Jessica
  2179 | D:3      | Reached skill level 1 in Armour
  2179 | D:3      | Reached skill level 7 in Stealth
  2191 | D:3      | Found a deep blue altar of Sif Muna.
  2269 | D:3      | Reached XP level 5. HP: 32/36 MP: 5/5
  2610 | D:4      | Found an iron altar of Okawaru.
  2684 | D:4      | Found Saffor's Gadget Emporium.
  2725 | D:4      | Noticed a sky beast
  2755 | D:4      | Killed a sky beast
  2768 | D:4      | Reached XP level 6. HP: 43/43 MP: 6/6
  3120 | D:4      | Found a transporter.
  3121 | D:4      | Found a transporter.
  3125 | D:4      | Noticed Morbidden's ghost (amateur FrAc)
  3156 | D:4      | Noticed a slave
  3169 | D:4      | Noticed Pikel
  3169 | D:4      | Noticed a slave
  3169 | D:4      | Noticed a slave
  3222 | D:4      | Noticed a slave
  3238 | D:4      | Killed a slave
  3256 | D:4      | Slain by Pikel

Skill      XL: |  1  2  3  4  5 |
---------------+----------------+-----
Stealth        | 5 6 7 |  7.8
Fighting       | 2 3 |  3.9
Armour         | 1 3 |  3.5
Dodging        | |  3.0

Action                   |  1- 3 |  4- 6 || total
-------------------------+-------+-------++-------
Melee: Mace              |    58 |       ||    58
       Bite              |     9 |    13 ||    22
       Dagger            |    61 |   144 ||   205
 Fire: Hunting sling     |       |     3 ||     3
Throw: Stone             |     7 |       ||     7
       Tomahawk          |       |    22 ||    22
  Use: Scroll            |       |     2 ||     2
       Potion            |       |     3 ||     3
 Stab: Sleeping          |     7 |    13 ||    20
  Eat: Ration            |     1 |       ||     1
       Chunk             |       |     4 ||     4
Armor: Robe              |    35 |       ||    35
       Scale mail        |     9 |     7 ||    16
       Ring mail         |     5 |       ||     5
       Chain mail        |       |    66 ||    66
Dodge: Dodged            |    77 |    42 ||   119
